AoeStats
← Kanto

Nomad

510377181Analyzed
4v4 RM · 13h ago on Sep 30, 2026· 61m 41s· 8 players
Game mode
Random Map
Map size
231×231
Population
200
Speed
Normal
Resources
Standard
Victory
Conquest
Starting age
Dark Age
Ending age
Imperial Age
RankedLock teamsTeams togetherTeam positionsShared explorationLock speedFull tech treeHidden civsTurbo modeCheats
Victory
Defeat
🇷🇺 Varangians · Russia
1008
+14
🇷🇺 Saracens · Russia
952
+16
🇫🇮 Vikings · Finland
939
+16
🇸🇪 Malay · Sweden
934
+17
🇨🇴 Spanish · Colombia
997
-18
🇺🇸 Inca · United States
982
-17
🇺🇸 Danes · United States
911
-14
🇮🇳 Burmese · India
910
-40
Baracor
14:17 Feudal Age
17:22 Horse Collar
17:34 Double-Bit Axe
21:50 Castle Age
19:55 Gold Mining
23:28 Heavy Plow
27:15 Fletching
27:54 Bodkin Arrow
29:12 Loom
30:04 Medium Warships
29:38 Crossbowman
30:44 Bow Saw
31:50 Padded Archer Armor
35:24 Imperial Age
33:18 Ballistics
36:05 Town Watch
36:45 Conscription
35:54 Arbalester
37:42 Forging
37:35 Bracer
37:51 Leather Archer Armor
38:26 Gold Shaft Mining
38:20 Town Patrol
39:44 Chemistry
41:51 Heavy Warships
44:01 Chieftains
46:28 Ring Archer Armor
46:09 Pikeman
49:24 Forging
49:16 Scale Mail Armor
49:18 Elite Berserk
52:13 Iron Casting
52:17 Squires
Shusai
13:32 Feudal Age
17:51 Castle Age
19:49 Wheelbarrow
19:12 Double-Bit Axe
22:30 Bow Saw
22:58 Horse Collar
25:22 Wheelbarrow
24:57 Heavy Plow
25:04 Pikeman
27:23 Man-at-Arms
28:03 Squires
32:23 Hand Cart
32:41 Scale Barding Armor
32:46 Forging
32:48 Fletching
36:06 Husbandry
36:13 Gold Mining
41:43 Iron Casting
43:46 Bodkin Arrow
45:58 Loom
49:12 Imperial Age
49:21 Fishing Lines
49:55 Halberdier
50:36 Squires
51:43 Blast Furnace
53:58 Gillnets
53:43 Elite Battle Elephant
58:01 Forced Levy
58:22 Conscription
Andrey4ik Pudge
14:57 Feudal Age
18:54 Castle Age
17:27 Double-Bit Axe
17:24 Horse Collar
54:39 Forging
56:50 Iron Casting
56:21 Scale Barding Armor
63:51 Imperial Age
62:26 Chain Barding Armor
PBILLOTTE
4:16 Loom
5:44 Loom
14:57 Feudal Age
15:59 Double-Bit Axe
17:54 Wheelbarrow
19:57 Castle Age
18:40 Horse Collar
18:56 Fishing Lines
28:44 Gold Mining
29:17 Bow Saw
29:10 Heavy Plow
29:03 Stone Mining
29:48 Forging
29:43 Scale Barding Armor
34:28 Bloodlines
34:19 Husbandry
37:41 Imperial Age
35:28 Hand Cart
36:35 Iron Casting
36:20 Chain Barding Armor
40:02 Two-Man Saw
39:34 Crop Rotation
38:29 Elite Jarl
39:47 Plate Barding Armor
40:12 Blast Furnace
42:32 Blast Furnace
41:32 Capped Ram
42:09 Vendel Legacy
42:09 Gothikon
43:41 Siege Ram
48:31 Conscription
57:06 Coinage
58:17 Banking
58:33 Fletching
Saddam Gaming
16:04 Feudal Age
17:10 Champi Runner
26:37 Castle Age
26:07 Wheelbarrow
26:54 Double-Bit Axe
26:44 Champi Warrior
29:32 Forging
29:25 Scale Mail Armor
29:20 Horse Collar
41:54 Imperial Age
39:11 Loom
39:41 Hand Cart
41:35 Squires
42:40 Elite Skirmisher
44:51 Elite Champi Warrior
47:10 Iron Casting
46:54 Chain Mail Armor
48:45 Crossbowman
49:18 Fletching
49:29 Padded Archer Armor
56:06 Plate Mail Armor
56:37 Blast Furnace
58:45 Pikeman
juansrv
5:23 Loom
15:14 Feudal Age
15:55 Double-Bit Axe
18:10 Wheelbarrow
21:42 Castle Age
22:24 Fishing Lines
23:42 Bow Saw
24:54 Stone Mining
24:56 Gold Mining
26:07 Pikeman
26:34 Gambesons
27:03 Gillnets
28:55 Squires
29:04 Fletching
29:14 Scale Mail Armor
29:27 Forging
30:13 Horse Collar
31:21 Padded Archer Armor
32:49 Bodkin Arrow
33:10 Chain Mail Armor
36:25 Hand Cart
35:42 Elite Skirmisher
37:20 Murder Holes
40:53 Thumb Ring
41:08 Heavy Plow
49:14 Imperial Age
59:55 Ballistics
62:08 Conscription
Gut Check
12:56 Loom
15:38 Feudal Age
17:03 Fishing Lines
20:15 Castle Age
19:32 Bloodlines
19:24 Town Watch
22:46 Wheelbarrow
27:20 Stone Mining
27:22 Gold Mining
29:24 Husbandry
33:37 Masonry
33:40 Double-Bit Axe
33:39 Horse Collar
35:13 Fletching
36:58 Heavy Plow
40:25 Imperial Age
38:09 Elite Skirmisher
38:56 Thumb Ring
38:17 Light Cavalry
39:50 Bodkin Arrow
40:06 Forging
39:58 Scale Mail Armor
40:05 Scale Barding Armor
40:02 Padded Archer Armor
40:28 Ballistics
40:57 Elite Jomsviking
41:58 Conscription
42:46 Hand Cart
45:21 Chemistry
44:27 Siege Engineers
44:31 Bracer
45:38 Town Patrol
45:58 Leather Archer Armor
47:15 Iron Casting
47:02 Chain Barding Armor
46:57 Chain Mail Armor
46:41 Murder Holes
47:02 Northmen's Fury
49:14 Blast Furnace
48:45 Ring Archer Armor
48:44 Bow Saw
53:45 Plate Barding Armor
53:32 Elite Longship
54:24 Medium Warships
54:05 Gillnets
56:22 Theocracy
55:34 Hamask
Kanto
5:03 Loom
14:48 Feudal Age
16:45 Fishing Lines
19:28 Castle Age
17:45 Horse Collar
20:47 Heavy Plow
22:15 Fletching
22:36 Stone Mining
23:38 Sanctity
24:38 Wheelbarrow
24:44 Town Watch
28:45 Hand Cart
28:27 Gold Mining
31:04 Gold Shaft Mining
34:16 Imperial Age
33:42 Medium Warships
33:24 Gillnets
35:23 Conscription
35:52 Scale Barding Armor
35:58 Forging
35:45 Bodkin Arrow
36:23 Husbandry
36:35 Bloodlines
35:49 Elite Battle Elephant
36:56 Chain Barding Armor
37:30 Howdah
38:01 Manipur Cavalry
39:26 Plate Barding Armor
40:46 Iron Casting
42:27 Blast Furnace
44:42 Murder Holes
44:57 Masonry
45:10 Ballistics
45:50 Chemistry
44:31 Light Cavalry
47:26 Hussar
48:56 Bodkin Arrow
49:02 Padded Archer Armor
52:00 Elite Arambai
54:26 Architecture
53:37 Treadmill Crane
56:34 Bracer
Connection lost

Rejoining the realm…

Still unreachable

The connection could not be restored.

Session expired

The server has moved on; the page needs a fresh start.